 Dungeon Crawl Stone Soup version 0.17-a0-1778-gd369669 (webtiles) character file.

63 KambridgeKobold the Covered (level 3, 0/31 HPs)
             Began as a Minotaur Fighter on Sept 8, 2015.
             Was an Initiate of Ashenzari.
             Killed from afar by Sigmund (3 damage)
             ... with a puff of flame
             ... on level 3 of the Dungeon.
             The game lasted 00:06:08 (1719 turns).

KambridgeKobold the Covered (Minotaur Fighter)      Turns: 1719, Time: 00:06:08

Health: 0/31       AC:  7    Str: 20    XL:     3   Next: 87%
Magic:  11/11      EV:  9    Int:  5    God:    Ashenzari [......]
Gold:   110        SH:  0    Dex: 10    Spells: 0 memorised, 2 levels left

rFire  . . .     SeeInvis .     a - +0 flail
rCold  . . .     Clarity  .     u - +0 scale mail
rNeg   . . .     SustAt   .     (no shield)
rPois  .         Gourm    .     (helmet restricted)
rElec  .         Spirit   .     (no cloak)
rCorr  .         Warding  .     (no gloves)
rMut   .         Stasis   .     (no boots)
MR     .....                    o - amulet of inaccuracy (curse)
Stlth  +.........               p - ring of stealth
                                n - ring of magical power

@: not resistant to hostile enchantments, very unstealthy
A: retaliatory headbutt, horns 2
a: Renounce Religion


You were on level 3 of the Dungeon.
You worshipped Ashenzari.
Ashenzari was noncommittal.
You were hungry.

You visited 1 branch of the dungeon, and saw 3 of its levels.

You collected 110 gold pieces.

Inventory:

Hand weapons
 a - a +0 flail (weapon)
 b - a +1 mace of venom
Missiles
 i - 82 stones (quivered)
Armour
 c - a +0 shield
 u - a +0 scale mail (worn)
Jewellery
 n - a ring of magical power (left hand)
 o - a cursed amulet of inaccuracy (around neck)
 p - a ring of stealth (right hand)
Scrolls
 g - a scroll of teleportation {unknown}
 l - a scroll of fear {unknown}
 m - 2 scrolls of identify {unknown}
Potions
 d - 3 potions of might
 f - a potion of curing {unknown}
 h - a potion of ambrosia {unknown}
 j - 2 potions of lignification {unknown}
 k - a potion of heal wounds {unknown}
 q - a potion of brilliance {unknown}
 s - a potion of agility {unknown}
 v - 2 potions of poison {unknown}
Comestibles
 e - 2 bread rations
 t - a beef jerky


   Skills:
 - Level 3.6 Fighting
 + Level 3.9 Maces & Flails
 + Level 4.8 Armour
 - Level 3.6 Shields


You had 2 spell levels left.
You didn't know any spells.

Dungeon Overview and Level Annotations

Branches:
Dungeon (3/15)

Altars:
Ashenzari
Fedhas
Yredelemnul
The Shining One

Annotations:
D:3 Sigmund


Innate Abilities, Weirdness & Mutations

You reflexively headbutt those who attack you in melee.
You have a pair of horns on your head.


Message History

The puff of flame hits you!
* * * LOW HITPOINT WARNING * * *
You miss Sigmund.
Sigmund is almost dead.
Sigmund hits you with a scythe.
* * * LOW HITPOINT WARNING * * *
You closely miss Sigmund.
Sigmund is almost dead.
Sigmund closely misses you.
You barely miss Sigmund.
Sigmund is almost dead.
You feel sick.
You are no longer poisoned.
Sigmund hits you with a scythe.
* * * LOW HITPOINT WARNING * * *
You miss Sigmund.
Sigmund is almost dead.
Sigmund gestures at you while chanting. The puff of flame hits you!
You die...

#...!.....
#.........######
##................
.>....)...........
#...$.............
#.......##........
#.......##....$...
#......@##........
#.......@.........
############......$.
#...................
#....#######........
#...................
#.....######........
#.....######.<......
#...................
#........<##........


You could see Sigmund.

Vanquished Creatures
  An adder (D:3)
  An ooze (D:2)
  3 giant geckos
  A ball python (D:3)
  2 giant cockroaches
  7 goblins
  5 hobgoblins (D:1)
  6 kobolds
  A quokka (D:1)
  11 bats
  3 giant newts
  3 rats
44 creatures vanquished.

Notes
Turn   | Place    | Note
--------------------------------------------------------------
     0 | D:1      | KambridgeKobold the Minotaur Fighter began the quest for the Orb.
     0 | D:1      | Reached XP level 1. HP: 19/19 MP: 0/0
    50 | D:1      | Reached skill level 4 in Armour
    51 | D:1      | Reached XP level 2. HP: 21/26 MP: 1/1
   906 | D:1      | Reached XP level 3. HP: 31/31 MP: 2/2
  1195 | D:2      | Found a blossoming altar of Fedhas.
  1297 | D:2      | Found a glowing golden altar of the Shining One.
  1580 | D:2      | Found a basalt altar of Yredelemnul.
  1580 | D:2      | Found a shattered altar of Ashenzari.
  1590 | D:2      | Became a worshipper of Ashenzari the Shackled
  1696 | D:3      | Noticed Sigmund
  1719 | D:3      | Killed from afar by Sigmund

Vault maps used:
D:1:      mrwooster_arrival_arrow
D:2:      gammafunk_temple_overflow_pools, nicolae_overflow_crystal_walls,
          tso_metal_star
D:3:      first_bread, okawaru_metal_pillars_3, uniq_sigmund

Action                   || total
-------------------------++-------
Melee: Flail             ||   111
       Mace              ||     5
  Eat: Chunk             ||     2
